 Dungeon Crawl Stone Soup version 0.28.0-53-g5a82cb258f (webtiles) character file.

Game seed: 3648127408394009188

3203 Nyth the Protected (level 9, -7/79 HPs)
             Began as a Minotaur Berserker on Aug 12, 2022.
             Was a Priest of Trog.
             Shot with a bolt by an orc (8 damage)
             ... in a bailey.
             The game lasted 00:23:02 (8928 turns).

Nyth the Protected (Minotaur Berserker)             Turns: 8928, Time: 00:23:02

Health: -7/79      AC: 14    Str: 23    XL:     9   Next: 65%
Magic:  8/8        EV: 10    Int:  4    God:    Trog [***...]
Gold:   349        SH:  0    Dex: 19    Spells: 8/8 levels left

rFire   x . .      SeeInvis .   p - +5 trident
rCold   + + .      Faith    .   (no shield)
rNeg    . . .      Spirit   .   r - +3 chain mail {rC+}
rPois   .          Reflect  .   (helmet restricted)
rElec   .          Harm     .   (no cloak)
rCorr   .          Rampage  .   (no gloves)
Will    .....                   (no boots)
Stlth   ..........              (no amulet)
HPRegen 0.23/turn               l - ring of ice
MPRegen 0.11/turn               h - +6 ring of dexterity

@: on berserk cooldown, slowed, very slow
A: horns 2, retaliatory headbutt
a: Renounce Religion, Berserk, Trog's Hand


You were in a bailey.
You worshipped Trog.
Trog was most pleased with you.
You visited 1 branch of the dungeon, and saw 7 of its levels.
You also visited: Bailey.

You collected 349 gold pieces.

Inventory:

Hand Weapons
 a - a +0 spectral long sword
 n - a +4 dire flail
 p - a +5 trident (weapon)
 q - a +3 flail of draining
 x - a +4 scimitar
Missiles
 b - a throwing net
Armour
 r - a +3 chain mail of cold resistance (worn)
Jewellery
 h - a +6 ring of dexterity (right hand)
 l - a ring of ice (left hand)
 m - a ring of ice
Wands
 j - a wand of flame (27)
 t - a wand of acid (8)
Scrolls
 c - 2 scrolls of identify
 d - a scroll of holy word
 f - a scroll of fear
 g - a scroll of magic mapping
 k - a scroll of teleportation
 s - a scroll of acquirement {unknown}
 u - a scroll of brand weapon
 w - a scroll of blinking {unknown}
Potions
 e - 2 potions of degeneration
 i - 4 potions of curing
 o - a potion of lignification
 v - a potion of mutation {unknown}


   Skills:
 + Level 7.1 Fighting
 + Level 1.8 Long Blades
 + Level 5.0 Maces & Flails
 + Level 9.3 Polearms
 + Level 9.8 Armour
 + Level 4.2 Dodging
 + Level 2.7 Stealth


You had 8 spell levels left.
You didn't know any spells.
Your spell library contained the following spells:

 Spells                   Type           Power      Damage    Failure   Level
 Shock                    Conj/Air       0%         1d3       97%         1
 Swiftness                Air            0%         N/A       100%        3
 Airstrike                Air            0%         N/A       100%        4


Dungeon Overview and Level Annotations

Branches:
Dungeon (7/15)             Temple (0/1) D:6          Bailey (1/1)

Altars:
Cheibriados
Dithmenos
Sif Muna
Trog
Uskayaw
The Shining One

Shops:
D:1 [   D:5 *


Innate Abilities, Weirdness & Mutations

You have a pair of horns on your head.
You reflexively headbutt those who attack you in melee.


Message History

The orc warrior shoots a bolt.
The bolt barely misses you. The orc warrior barely misses you.
You barely miss the orc warrior.
The orc warrior is lightly wounded.
The orc warrior shoots a bolt.
The bolt barely misses you.
Your unstable footing causes you to fumble your attack.
The orc warrior splashes around in the water.
The orc warrior barely misses you. You furiously retaliate!
You headbutt the orc warrior!
You feel a strong urge to attack something.
You are no longer berserk.
You are exhausted.
You feel yourself slow down.
The orc warrior wields a +0 arbalest.
The orc warrior shoots a bolt.
The bolt barely misses you.
The orc warrior shoots a bolt.
The bolt hits you but does no damage.
You reach to attack!
You puncture the orc warrior!
The orc warrior is almost dead.
The orc shoots a bolt.
The bolt hits you!
The orc warrior shoots a bolt.
The bolt misses you.
The orc warrior shoots a bolt.
The bolt hits you but does no damage.
You reach to attack!
Your unstable footing causes you to fumble your attack.
The orc shoots a bolt.
The bolt barely misses you.
The orc warrior shoots a bolt.
The bolt hits you but does no damage.
The orc warrior shoots a bolt.
The bolt hits you!
The orc shoots a bolt.
The bolt barely misses you.
You are too injured to fight recklessly!
The orc warrior shoots a bolt.
The bolt barely misses you.
The orc shoots a bolt.
The bolt barely misses you.
The orc warrior shoots a bolt.
The bolt hits you!
* * * LOW HITPOINT WARNING * * *
The orc warrior shoots a bolt.
The bolt misses you.
The orc warrior shoots a bolt.
The bolt hits you!
* * * LOW HITPOINT WARNING * * *
The orc warrior shoots a bolt.
The bolt hits you!
* * * LOW HITPOINT WARNING * * *
You feel better.
The orc shoots a bolt.
The bolt hits you!
* * * LOW HITPOINT WARNING * * *
The orc shoots a bolt.
The bolt hits you!
You die...

############
...........∩#
..........∩.#
............#
...........#
≈≈≈≈≈≈.....#
≈≈≈###≈≈.....#
≈≈##.##≈.....#
≈....#≈@....#
≈≈#∩.##≈o....#
≈≈##.#≈≈.....#
≈≈≈≈o≈≈o.....#
≈≈≈≈≈≈≈≈)....#
≈≈≈≈≈≈≈≈.....#
≈≈≈≈≈≈≈≈.....#
#≈≈≈≈≈≈≈.....#
#≈≈≈≈≈≈≈.....#


You could see 2 orc warriors and an orc.

Vanquished Creatures
  Pikel (D:4)
  Grinder (D:4)
  Eustachio (D:5)
  Edmund (D:4)
  Duvessa (D:4)
  2 water moccasins
  2 orc warriors
  2 black bears
  A lemure (D:4)
  A phantom (D:5)
  A kobold brigand (D:7)
  5 scorpions
  A wyvern zombie (D:7)
  A water moccasin skeleton (D:5)
  Dowan (D:4)
  12 wights
  A howler monkey (D:6)
  A centaur zombie (D:5)
  An orc priest (D:4)
  A hound (D:5)
  A gnoll shaman (D:4)
  An iguana (D:6)
  Natasha (D:2)
  An orc wizard (D:4)
  A killer bee zombie (D:7)
  A hound skeleton (D:5)
  A howler monkey skeleton (D:5)
  10 adders
  5 gnolls (D:4)
  A white imp (D:7)
  2 adder skeletons (D:4)
  A worm (D:3)
  2 dart slugs (D:1)
  11 orcs
  9 ball pythons
  5 bats
  3 endoplasms
  2 giant cockroaches
  10 goblins
  11 hobgoblins
  10 jackals
  11 kobolds
  5 quokkas
  3 frilled lizards
  2 rats
148 creatures vanquished.

Notes
Turn   | Place    | Note
-------+----------+-------------------------------------------
     0 | D:1      | Nyth the Minotaur Berserker began the quest for the Orb.
     0 | D:1      | Reached XP level 1. HP: 19/19 MP: 0/0
    43 | D:1      | Reached XP level 2. HP: 24/27 MP: 1/1
   659 | D:1      | Found Vide Qes's Armour Emporium.
   805 | D:1      | Reached XP level 3. HP: 33/33 MP: 2/2
   839 | D:1      | Reached ** piety under Trog
   841 | D:1      | Found a faded altar of an unknown god.
  1444 | D:2      | Reached XP level 4. HP: 32/41 MP: 3/3
  1863 | D:2      | Noticed Natasha
  1869 | D:2      | Killed Natasha
  1870 | D:2      | Reached skill level 1 in Polearms
  2054 | D:3      | Noticed a scorpion
  2058 | D:3      | Killed a scorpion
  2059 | D:3      | Reached skill level 5 in Maces & Flails
  2059 | D:3      | Reached XP level 5. HP: 47/47 MP: 4/4
  2192 | D:3      | Found a shadowy altar of Dithmenos.
  2263 | D:3      | Found a bloodstained altar of Trog.
  2359 | D:3      | Reached skill level 5 in Fighting
  2443 | D:3      | Reached XP level 6. HP: 56/56 MP: 5/5
  2943 | D:4      | Noticed Pikel
  2950 | D:4      | Killed Pikel
  2951 | D:4      | Reached skill level 5 in Polearms
  2951 | D:4      | Reached skill level 5 in Armour
  2951 | D:4      | Reached skill level 1 in Stealth
  2951 | D:4      | Reached XP level 7. HP: 61/61 MP: 6/6
  3123 | D:4      | Found a snail-covered altar of Cheibriados.
  3123 | D:4      | Found a glowing golden altar of the Shining One.
  3763 | D:4      | Noticed Duvessa
  3764 | D:4      | Noticed Dowan
  3776 | D:4      | Killed Duvessa
  3777 | D:4      | Reached skill level 1 in Long Blades
  3777 | D:4      | Reached XP level 8. HP: 43/70 MP: 7/7
  3777 | D:4      | Killed Dowan
  4079 | D:4      | Noticed Edmund
  4093 | D:4      | Killed Edmund
  6491 | D:4      | Noticed Grinder
  6497 | D:4      | Killed Grinder
  6769 | D:4      | Found a hide-covered altar of Uskayaw.
  6920 | D:5      | Entered Level 5 of the Dungeon
  7010 | D:5      | Found Qiakk's Assorted Antiques.
  7115 | D:5      | Noticed Eustachio
  7131 | D:5      | Killed Eustachio
  7404 | D:5      | Reached *** piety under Trog
  7414 | D:5      | Reached XP level 9. HP: 71/78 MP: 8/8
  7878 | D:6      | Found a shimmering blue altar of Sif Muna.
  7939 | D:6      | Found a staircase to the Ecumenical Temple.
  8853 | D:7      | Found a flagged portal.
  8892 | Bailey   | Entered a bailey
  8927 | Bailey   | HP: 1/79 [orc warrior/bolt (13)]
  8928 | Bailey   | Shot with a bolt by an orc

Illustrated notes

Levels and vault maps discovered:
D:1:      amcnicky_arrival_blooded_trapdoor, layout_loops_ring,
          basic_ecumenical_altar, serial_shops, nicolae_lakefront_shop,
          minmay_surrounded
D:2:      layout_basic, uniq_natasha
D:3:      layout_rooms, mainiacjoe_overflow_concentric_impassable,
          grunt_dithmenos_smoke, st_stairs_2, guppyfry_early_orc_mine
D:4:      layout_rooms, gammafunk_temple_overflow_elements,
          eat_drink_and_be_merry_uskayaw, uniq_edmund, uniq_pikel, uniq_grinder,
          uniq_duvessa
D:5:      layout_rooms, serial_shops, shop, grunt_tough_drop, uniq_eustachio
D:6:      layout_cave_pods, nicolae_sif_muna_condensation,
          minmay_temple_entry_stoned_glass
D:7:      minmay_clustersquares, layout_basic,
          yredelemnul_forgotten_temple_becter, enter_bailey_2,
          minmay_misc_feat_five, chequers_serial_rivers_room_b
Bailey:   bailey_polearm_2, bailey

Skill      XL: |  1  2  3  4  5  6  7  8  9 |
---------------+----------------------------+-----
Fighting       | 4 5 6 7 |  7.1
Maces & Flails | 4 5 |  5.0
Armour         | 3 4 5 6 8 9 |  9.8
Polearms       | 2 3 5 7 9 |  9.3
Dodging        | 3 4 |  4.2
Stealth        | 1 2 |  2.7
Long Blades    | 1 |  1.8

Action                   |  1- 3 |  4- 6 |  7- 9 || total
-------------------------+-------+-------+-------++-------
Melee: Mace              |    34 |       |       ||    34
       Headbutt          |     8 |    10 |    33 ||    51
       Spear             |    69 |    69 |       ||   138
       Punch             |     1 |     1 |     1 ||     3
       Long sword        |       |     4 |    16 ||    20
       Trident           |       |       |   185 ||   185
Invok: Berserk           |     1 |     4 |    13 ||    18
  Use: Scroll            |     1 |     6 |     3 ||    10
       Potion            |       |     2 |     5 ||     7
 Stab: Distracted        |       |     1 |       ||     1
       Sleeping          |       |       |     1 ||     1
Armor: Animal skin       |    13 |       |       ||    13
       Ring mail         |    22 |    15 |     8 ||    45
       Chain mail        |       |       |    71 ||    71
Dodge: Dodged            |    68 |    44 |    92 ||   204
